 Dungeon Crawl Stone Soup version 0.21.1-1-g345015f (webtiles) character file.

207 equizz the Poker (level 5, -2/40 HPs)
             Began as a Merfolk Skald on May 2, 2018.
             Was an Initiate of Okawaru.
             Slain by a shadow imp (5 damage)
             ... summoned by Eustachio
             ... on level 4 of the Dungeon on May 3, 2018.
             The game lasted 00:32:05 (3676 turns).

equizz the Poker (Merfolk Skald)                    Turns: 3676, Time: 00:32:06

Health: -2/40      AC:  4    Str: 12      XL:     5   Next: 85%
Magic:  1/8        EV: 13    Int: 12      God:    Okawaru [......]
Gold:   82         SH:  0    Dex:  9 (14) Spells: 1/9 levels left

rFire    . . .     SeeInvis .   a - +2 spear
rCold    . . .     Gourm    .   (no shield)
rNeg     . . .     Faith    .   t - +1 robe {MR+}
rPois    .         Spirit   .   (no helmet)
rElec    .         Reflect  .   (no cloak)
rCorr    .         Harm     .   (no gloves)
MR       +....                  h - +0 pair of boots
Stlth    +.........             (no amulet)
HPRegen  0.13/turn              (no ring)
MPRegen  0.11/turn              (no ring)

@: singing
A: change form in water, swift swim, stealthy swim
a: Renounce Religion


You were on level 4 of the Dungeon.
You worshipped Okawaru.
Okawaru was noncommittal.
You were not hungry.

You visited 1 branch of the dungeon, and saw 4 of its levels.

You collected 82 gold pieces.

Inventory:

Hand Weapons
 a - a +2 spear (weapon)
 i - a +2 dagger of pain
 m - a +1 short sword of speed
Armour
 h - a +0 pair of boots (worn)
 t - a +1 robe of magic resistance (worn)
Wands
 r - a wand of random effects (11)
Scrolls
 e - 4 scrolls of teleportation
 f - 2 scrolls of remove curse
 g - 4 scrolls of identify
 o - 2 scrolls of enchant weapon
 q - a scroll of fear {unknown}
 s - a scroll of blinking {unknown}
Potions
 j - 2 potions of brilliance
 k - a potion of might
 n - a potion of resistance {unknown}
 p - 2 potions of curing {unknown}
 u - a potion of invisibility {unknown}
Books
 c - a book of Battle

   Spells                             Type                      Level
   a - Infusion                       Charms                       1
   b - Shroud of Golubria             Charms/Translocation         2
   c - Song of Slaying                Charms                       2
   d - Spectral Weapon                Hexes/Charms                 3
   e - Regeneration                   Charms/Necromancy            3
Comestibles
 d - 4 rations


   Skills:
 + Level 2.9 Fighting
 + Level 5.1 Polearms
 + Level 1.4 Armour
 + Level 3.8 Dodging
 + Level 0.5 Stealth
 + Level 2.6 Spellcasting
 + Level 4.2 Charms


You had one spell level left.
You knew the following spells:

 Your Spells              Type           Power        Failure   Level  Hunger
a - Infusion              Chrm           ##..         4%          1    #......
b - Song of Slaying       Chrm           ##......     7%          2    ###....
c - Shroud of Golubria    Chrm/Tloc      #.........   16%         2    ###....
d - Regeneration          Chrm/Necr      #.........   32%         3    ###....


Dungeon Overview and Level Annotations

Branches:
Dungeon (4/15)
 Temple: D:4-7

Altars:
Elyvilon
Okawaru
Zin

Annotations:
D:4 Eustachio


Message History

The white imp disappears in a puff of smoke!
The white imp gestures at you. The puff of frost hits you!
* * * LOW HITPOINT WARNING * * *
You hit Eustachio.
Eustachio is almost dead.
The shadow imp barely misses you. Eustachio hits you with a rapier.
* * * LOW HITPOINT WARNING * * *
You barely miss Eustachio.
Eustachio is almost dead.
The ufetubus hits you but does no damage.
The ufetubus closely misses you. The shadow imp barely misses you.
Eustachio closely misses you. The white imp barely misses you.
The ufetubus hits you but does no damage.
The ufetubus hits you.
* * * LOW HITPOINT WARNING * * *
You hit Eustachio.
Eustachio is almost dead.
The shadow imp hits you.
You die...

##..
###..#...####
#...........##
.............##
..............#
..............#
#..........<..#
#.....r@5.....#
#....5@5.....#
#$....†.......#
#.#############


You could see Eustachio, a white imp, a shadow imp, an ufetubus and a rat.

Vanquished Creatures
  Ijyb (D:3)
  4 gnolls (D:2)
  4 adders (D:2)
  2 oozes
  2 worms (D:2)
  3 dart slugs
  4 leopard geckos
  An orc (D:3)
  6 giant cockroaches
  6 goblins
  9 hobgoblins
  5 jackals (D:3)
  2 ball pythons
  11 bats
  6 frilled lizards
  13 kobolds
  5 rats
84 creatures vanquished.

Notes
Turn   | Place    | Note
-------+----------+-------------------------------------------
     0 | D:1      | equizz the Merfolk Skald began the quest for the Orb.
     0 | D:1      | Reached XP level 1. HP: 16/16 MP: 3/3
   351 | D:1      | Reached XP level 2. HP: 18/22 MP: 0/5
   355 | D:1      | Learned a level 2 spell: Song of Slaying
   358 | D:1      | Learned a level 2 spell: Shroud of Golubria
   526 | D:1      | Reached XP level 3. HP: 22/28 MP: 3/6
  1042 | D:2      | Reached skill level 1 in Armour
  1290 | D:2      | Reached skill level 4 in Polearms
  1318 | D:2      | Reached XP level 4. HP: 28/34 MP: 4/7
  1903 | D:2      | Reached XP level 5. HP: 39/39 MP: 8/8
  2010 | D:2      | Learned a level 3 spell: Regeneration
  2029 | D:2      | Found an iron altar of Okawaru.
  2035 | D:2      | Became a worshipper of Warmaster Okawaru
  2040 | D:2      | Found a white marble altar of Elyvilon.
  2049 | D:2      | Found a glowing silver altar of Zin.
  2298 | D:2      | You fall through a shaft!
  2702 | D:3      | Noticed Ijyb
  2738 | D:3      | Killed Ijyb
  2738 | D:3      | Reached skill level 5 in Polearms
  3296 | D:4      | Noticed Eustachio
  3676 | D:4      | Slain by a shadow imp

Skill      XL: |  1  2  3  4  5 |
---------------+----------------+-----
Dodging        | 3 |  3.8
Armour         | 1 |  1.4
Polearms       | 4 5 |  5.1
Charms         | 4 |  4.2
Fighting       | |  2.9
Stealth        | |  0.5
Spellcasting   | |  2.6

Action                   |  1- 3 |  4- 6 || total
-------------------------+-------+-------++-------
Melee: Spear             |   126 |   230 ||   356
 Cast: Infusion          |     7 |    12 ||    19
       Song of Slaying   |     2 |     3 ||     5
       Shroud of Golubri |       |     5 ||     5
  Use: Scroll            |       |     8 ||     8
       Potion            |       |     2 ||     2
 Stab: Sleeping          |       |     1 ||     1
  Eat: Ration            |     1 |     2 ||     3
Armor: Leather armour    |    26 |    23 ||    49
       Robe              |       |    27 ||    27
Dodge: Dodged            |    57 |   193 ||   250
